 Seeded DCSS version 0.32-a0-643-ga006e7742e (webtiles) character file.

Game seed: 17428681369516740799 (custom seed)

77 Juicyj the Sneak (level 4, 0/30 HPs)
             Began as a Vampire Enchanter on Mar 7, 2024.
             Slain by a gnoll
             ... wielding a +0 spear
              (6 damage)
             ... on level 2 of the Dungeon.
             The game lasted 00:05:24 (1214 turns).

Juicyj the Sneak (Vampire Enchanter)                Turns: 1214, Time: 00:05:25

Health: 0/30       AC:  2    Str:  7    XL:     4   Next: 13%
Magic:  5/7        EV: 13    Int: 17    God:
Gold:   108        SH:  0    Dex: 16    Spells: 5/7 levels left

rFire   . . .        a - +1 dagger
rCold   . . .        (no shield)
rNeg    . . .        b - +0 robe
rPois   .            (no helmet)
rElec   .            (no cloak)
rCorr   .            (no gloves)
SInv    +            (no boots)
Will    .....        (no amulet)
Stlth   +++          (no ring)
HPRegen 0.45/turn    (no ring)
MPRegen 0.10/turn

%: no passive effects
@: healing quickly, invisible
A: alive, fangs 3, see invisible, vampiric 2
a: Exsanguinate


You were on level 2 of the Dungeon.
You visited 1 branch of the dungeon, and saw 2 of its levels.

You collected 108 gold pieces.

Inventory:

Hand Weapons
 a - a +1 dagger (weapon)
Armour
 b - a +0 robe (worn)
Scrolls
 d - a scroll of amnesia {unknown}
 e - 3 scrolls of identify
 f - a scroll of enchant weapon {unknown}
Potions
 c - a potion of invisibility


   Skills:
 + Level 2.0 Short Blades
 + Level 2.8 Dodging
 + Level 5.0 Stealth
 + Level 2.4 Spellcasting
 + Level 4.9 Hexes
 * Level 1.3 Ice Magic


You had 5 spell levels left.
You knew the following spells:

 Your Spells              Type           Power      Damage    Failure   Level
a - Ensorcelled Hibernat  Hex/Ice        24%        N/A       8%          2

Your spell library contained the following spells:

 Spells                   Type           Power      Damage    Failure   Level
 Confusing Touch          Hex            18%        N/A       8%          3
 Tukima's Dance           Hex            18%        N/A       8%          3
 Kiss of Death            Conj/Necr      8%         2d6       19%         1
 Dazzling Flash           Conj/Hex       20%        N/A       21%         3
 Dispel Undead            Necr           2%         3d7       88%         4


Dungeon Overview and Level Annotations

Branches:
Dungeon (2/15)

Altars:
Sif Muna

Shops:
D:1 [


Innate Abilities, Weirdness & Mutations

Your natural rate of healing is accelerated.
You have razor-sharp teeth.
You have supernaturally acute eyesight. (SInv)
You are afflicted with vampirism and can become a bat while bloodless.


Message History

You hit the gnoll but do no damage. The gnoll hits you with a +0 club.
The gnoll barely misses you.
You barely miss the gnoll. You bite the gnoll.
The gnoll is lightly wounded.
The gnoll closely misses you. x2
Casting: Ensorcelled Hibernation (safe; 8% risk of failure)
Confirm with . or Enter, or press ? or * to list all spells.
Aiming: Ensorcelled Hibernation (safe; 8% risk of failure)
Press: ? - help, Shift-Dir - straight line, f/p - gnoll
Aim: a gnoll, wielding a +0 spear (lightly wounded, not susceptible)
The gnoll is unaffected.
The gnoll hits you with a +0 club. The gnoll closely misses you.
You barely miss the gnoll.
The gnoll is lightly wounded.
The gnoll completely misses you.
You hit the gnoll but do no damage. You bite the gnoll.
The gnoll is moderately wounded.
The gnoll hits you with a +0 spear. The gnoll closely misses you.
You hit the gnoll but do no damage. Your bite misses the gnoll.
The gnoll is lightly wounded.
The gnoll hits you with a +0 spear. The gnoll hits you with a +0 club!
* * * LOW HITPOINT WARNING * * *
You barely miss the gnoll.
The gnoll is moderately wounded.
The gnoll hits you with a +0 spear.
* * * LOW HITPOINT WARNING * * *
The gnoll hits you with a +0 club.
* * * LOW HITPOINT WARNING * * *
You fade into invisibility!
The gnoll barely misses you. x2
The gnoll misses you. Magic courses through your body.
Casting: Ensorcelled Hibernation (safe; 8% risk of failure)
Confirm with . or Enter, or press ? or * to list all spells.
Aiming: Ensorcelled Hibernation (safe; 8% risk of failure)
Press: ? - help, Shift-Dir - straight line, f - gnoll, p - gnoll
Aim: a gnoll, wielding a +0 club (moderately wounded, unable to see you, chance to affect: 54%)
The gnoll looks drowsy...
The gnoll hits you from afar with a +0 spear.
You die...

## ##### #.###### #.
###...########.# #
#.####..............#
#.............#######
#.)###(.......# #..#
###...##.#
##..#####......#
#.#.......g..###
##..#...g.@....#
##.#.#####..#.# #.#.#
#..#.# #.#.# #..#.# #
#.#.#####.##.# #
#.#.......# .# #
#.#..####.##.####
#######
#................
.......
###..........####
######


You could see 2 gnolls.

Vanquished Creatures
  A hound (D:2)
  A gnoll (D:2)
  An adder (D:2)
  A ribbon worm (D:2)
  3 bats
  3 endoplasms (D:1)
  A giant cockroach (D:1)
  4 goblins
  2 hobgoblins
  2 quokkas (D:2)
  2 ball pythons (D:1)
  2 kobolds (D:1)
  3 rats
26 creatures vanquished.

Notes
Turn   | Place    | Note
-------+----------+-------------------------------------------
     0 | D:1      | Juicyj the Vampire Enchanter began the quest for the Orb.
     0 | D:1      | Reached XP level 1. HP: 13/13 MP: 3/3
    91 | D:1      | Found Paam's Armour Shoppe.
   388 | D:1      | Reached XP level 2. HP: 19/19 MP: 5/5
   501 | D:1      | Learned a level 2 spell: Ensorcelled Hibernation
   812 | D:2      | Found a shimmering blue altar of Sif Muna.
   912 | D:2      | Gained mutation: You are afflicted with vampirism and can
                  | become a bat while bloodless. [Vampire growth]
   912 | D:2      | Reached XP level 3. HP: 9/24 MP: 3/6
  1066 | D:2      | Reached skill level 5 in Stealth
  1066 | D:2      | Reached skill level 1 in Ice Magic
  1090 | D:2      | Reached XP level 4. HP: 30/30 MP: 0/7
  1214 | D:2      | Slain by a gnoll

Illustrated notes

Levels and vault maps discovered:
D:1:      matt_arrival_spirals, layout_rooms, serial_shops, shop_fountains
D:2:      layout_loops_ring, chequers_ecumenical_altar_lobes, basic_altar

Skill      XL: |  1  2  3 |
---------------+----------+-----
Short Blades   | 2 |  2.0
Stealth        | 5 |  5.0
Ice Magic      | 1 |  1.3
Dodging        | |  2.8
Spellcasting   | |  2.4
Hexes          | |  4.9

Action                     |  1- 3 |  4- 6 || total
---------------------------+-------+-------++-------
  Melee: Dagger            |    70 |     7 ||    77
         Bite              |     6 |     2 ||     8
   Cast: Ensorcelled Hiber |     8 |     5 ||    13
    Use: Scroll            |     4 |       ||     4
         Potion            |     4 |     2 ||     6
   Stab: Sleeping          |    12 |       ||    12
         Distracted        |     1 |       ||     1
 Armour: Robe              |    58 |    11 ||    69
         Skin              |     2 |       ||     2
  Dodge: Dodged            |    28 |    13 ||    41

Table legend: (Time is in decaauts)
 A = Elapsed time spent in this place.
 B = Non-inter-level travel time spent in this place.
 C = Inter-level travel time spent in this place.
 D = Time resting spent in this place.
 E = Time spent auto-exploring this place.
 F = Levels seen in this place.
 G = Mean time per level.
                   A        B        C        D        E       F      G
               +--------+--------+--------+--------+--------+-----+--------+
         Total |   1189 |   1186 |      3 |    146 |    703 |   2 |  594.5 |
       Dungeon |   1189 |   1186 |      3 |    146 |    703 |   2 |  594.5 |
               +--------+--------+--------+--------+--------+-----+--------+

Top non-repeatable levels by time:
     D:1: 729 daAuts
     D:2: 460 daAuts
